 Dungeon Crawl Stone Soup version 0.31-a0-175-g9f7f995f2b (webtiles) character file.

Game seed: 12210707675815833581

62 qw the Shooter (level 4, 0/33 (39) HPs)
             Began as a Naga Hunter on June 16, 2023.
             Slain by an orc
             ... wielding a +2 flail of draining
              (3 damage)
             ... on level 3 of the Dungeon.
             The game lasted 00:00:36 (1101 turns).

qw the Shooter (Naga Hunter)                        Turns: 1101, Time: 00:00:37

HP:   0/33 (39)     AC:  2    Str: 14    XL:     4   Next: 8%
MP:   4/4           EV:  9    Int:  9    God:
Gold: 146           SH:  0    Dex: 16    Spells: 3/3 levels left

rFire   . . .        Y - +0 shortbow
rCold   . . .        (shield currently unavailable)
rNeg    . . .        c - +0 leather armour
rPois   +            (no helmet)
rElec   .            (no cloak)
rCorr   .            (no gloves)
SInv    +            (no barding)
Will    .....        (no amulet)
Stlth   ++           (no ring)
HPRegen 0.25/turn    (no ring)
MPRegen 0.09/turn

%: no passive effects
@: heavily drained, very slow
A: AC +1, large, see invisible, deformed body, poison resistance, slowness 2,
spit poison 1, naga tail 1
a: Spit Poison


You were on level 3 of the Dungeon.
You visited 1 branch of the dungeon, and saw 3 of its levels.

You collected 146 gold pieces.


Innate Abilities, Weirdness & Mutations

Your serpentine skin is tough. (AC +1)
You have supernaturally acute eyesight. (SInv)
Armour fits poorly on your strangely shaped body.
Your system is resistant to poisons. (rPois)
You cover ground very slowly.
You can spit poison.
You have a snake-like lower body.


   Skills:
 + Level 2.1 Fighting
 - Level 5.0 Ranged Weapons
 - Level 1.5 Dodging
 - Level 1.5 Stealth


You had 3 spell levels left.
You didn't know any spells.
Your spell library was empty.

Inventory:

Hand Weapons
 Y - a +0 shortbow (weapon)
Armour
 c - a +0 leather armour (worn)
Jewellery
 i - a +5 ring of evasion
Scrolls
 a - 2 scrolls of immolation {unknown}
 f - a scroll of identify
 j - a scroll of silence {unknown}
 l - a scroll of poison {unknown}
Potions
 b - a potion of curing {unknown}
 d - a potion of haste
 e - a potion of lignification {unknown}
 g - a potion of magic {unknown}
 h - 2 potions of heal wounds
 k - 2 potions of mutation {unknown}

Dungeon Overview and Level Annotations

Branches:
Dungeon (3/15)

Altars:
Fedhas

Shops:
D:3 (


Message History

Enter note:
Enter note:
Enter note:
Enter note: You shoot an arrow.
The arrow hits the orc but does no damage.
The orc shouts!
1094 ||| INVOKING Spit Poison.
Aiming: Spit Poison (1% risk of failure)
Press: ? - help, Shift-Dir - straight line, f/p - orc The splash of poison hits the orc.
The orc is poisoned.
The orc is heavily wounded.
You shoot an arrow. The arrow closely misses the orc.
You shoot an arrow.
The arrow hits the orc but does no damage.
The orc is heavily wounded.
The orc throws a boomerang.
The boomerang closely misses you.
You shoot an arrow. The arrow barely misses the orc.
You shoot an arrow. The arrow hits the orc.
The orc is severely wounded.
You have got your breath back.
The orc hits you with a +2 flail of draining.
You feel drained.
1099 ||| INVOKING Spit Poison.
Aiming: Spit Poison (1% risk of failure)
Press: ? - help, Shift-Dir - straight line, f/p - orc The splash of poison misses the orc.
The orc looks more healthy.
The orc hits you with a +2 flail of draining!
You feel drained.
You shoot an arrow. The arrow closely misses the orc.
The orc hits you with a +2 flail of draining!
You feel drained.
You shoot an arrow.
The arrow hits the orc but does no damage.
The orc is almost dead.
You have got your breath back.
The orc hits you with a +2 flail of draining!
You feel drained.
You die...

########## ##### #......(..
...### #......... ###. ##...##
#.........
.....#...).####.........
......o@.......?........
......%.\...............
........................
.....#.....#............
#######...##.>....##....
.#.........>###....
#############<.........%<###....
...............................
...##..#.<...............[.......


You could see an orc.

Vanquished Creatures
  An adder (D:2)
  3 dart slugs (D:2)
  An orc (D:3)
  5 ball pythons
  4 bats
  5 endoplasms
  3 goblins
  4 hobgoblins
  3 jackals (D:2)
  2 quokkas
  4 frilled lizards
  4 kobolds
  2 rats
41 creatures vanquished.

Notes
Turn   | Place    | Note
-------+----------+-------------------------------------------
     0 | D:1      | qw the Naga Hunter began the quest for the Orb.
     0 | D:1      | Reached XP level 1. HP: 19/19 MP: 1/1
     0 | D:1      | 0 ||| qw: Version: 0.2-a-29-g511e9b1
     0 | D:1      | 0 ||| qw: Game counter: 59
     0 | D:1      | 0 ||| qw: Always use a shield: true
     0 | D:1      | 0 ||| qw: God list: Okawaru
     0 | D:1      | 0 ||| qw: Allow faded altars: false
     0 | D:1      | 0 ||| qw: Do Orc after D:15 true
     0 | D:1      | 0 ||| qw: Do second Lair branch before Depths: true
     0 | D:1      | 0 ||| qw: Lair rune preference: random
     0 | D:1      | 0 ||| qw: Plans: Normal
     0 | D:1      | 0 ||| PLANNING D:1-11
    30 | D:1      | 30 ||| INVOKING Spit Poison.
    49 | D:1      | 49 ||| INVOKING Spit Poison.
    54 | D:1      | 54 ||| INVOKING Spit Poison.
    91 | D:1      | 91 ||| INVOKING Spit Poison.
   105 | D:1      | Reached skill level 4 in Ranged Weapons
   105 | D:1      | Reached XP level 2. HP: 26/26 MP: 2/2
   112 | D:1      | 112 ||| INVOKING Spit Poison.
   170 | D:1      | 170 ||| INVOKING Spit Poison.
   176 | D:1      | 176 ||| INVOKING Spit Poison.
   202 | D:1      | 202 ||| INVOKING Spit Poison.
   219 | D:1      | 219 ||| INVOKING Spit Poison.
   248 | D:1      | 248 ||| INVOKING Spit Poison.
   376 | D:1      | 376 ||| READING scroll labelled UFEFURIXEFF.
   381 | D:1      | 381 ||| READING scroll labelled YWIGEI QOKHLAC.
   382 | D:1      | 382 ||| READING scroll labelled VENAYL ULOO.
   383 | D:1      | 383 ||| DRINKING 2 sedimented blue potions.
   384 | D:1      | 384 ||| DROPPING scroll of butterflies.
   416 | D:2      | 416 ||| INVOKING Spit Poison.
   417 | D:2      | 417 ||| INVOKING Spit Poison.
   422 | D:2      | Reached XP level 3. HP: 32/32 MP: 3/3
   422 | D:2      | 422 ||| INVOKING Spit Poison.
   471 | D:2      | 471 ||| INVOKING Spit Poison.
   477 | D:2      | 477 ||| INVOKING Spit Poison.
   499 | D:2      | 499 ||| INVOKING Spit Poison.
   502 | D:2      | 502 ||| INVOKING Spit Poison.
   529 | D:2      | 529 ||| INVOKING Spit Poison.
   566 | D:2      | 566 ||| INVOKING Spit Poison.
   572 | D:2      | 572 ||| INVOKING Spit Poison.
   582 | D:2      | 582 ||| INVOKING Spit Poison.
   714 | D:2      | 714 ||| INVOKING Spit Poison.
   811 | D:2      | Found a faded altar of an unknown god.
   848 | D:2      | 848 ||| DROPPING ring of wizardry.
   849 | D:2      | 849 ||| READING scroll labelled ZADIBUNIDO.
   850 | D:2      | 850 ||| DRINKING 2 amethyst potions.
   872 | D:2      | 872 ||| INVOKING Spit Poison.
   880 | D:2      | 880 ||| DRINKING 2 fizzy blue potions.
   881 | D:2      | 881 ||| DROPPING potion of attraction.
   960 | D:3      | 960 ||| INVOKING Spit Poison.
   963 | D:3      | Reached skill level 5 in Ranged Weapons
   963 | D:3      | Reached XP level 4. HP: 39/39 MP: 4/4
   980 | D:3      | 980 ||| INVOKING Spit Poison.
  1009 | D:3      | Found a blossoming altar of Fedhas.
  1054 | D:3      | 1054 ||| INVOKING Spit Poison.
  1063 | D:3      | 1063 ||| INVOKING Spit Poison.
  1082 | D:3      | 1082 ||| INVOKING Spit Poison.
  1084 | D:3      | Found Vitised's Weapon Shoppe.
  1094 | D:3      | 1094 ||| INVOKING Spit Poison.
  1099 | D:3      | 1099 ||| INVOKING Spit Poison.
  1101 | D:3      | HP: 3/34 [orc/+2 flail of draining (7)]
  1101 | D:3      | Slain by an orc

Levels and vault maps discovered:
D:1:      minmay_arrival_plants_in_alcoves, layout_rooms
D:2:      layout_rooms, shapermc_ecumenical_altar_mp_urbaneastern
D:3:      layout_rooms, lemuel_doored_altar, serial_shops,
          nicolae_shop_bloodbath_and_beyond

Skill      XL: |  1  2  3 |
---------------+----------+-----
Ranged Weapons | 4 5 |  5.0
Fighting       | |  2.1
Dodging        | |  1.5
Stealth        | |  1.5

Action                     |  1- 3 |  4- 6 || total
---------------------------+-------+-------++-------
   Fire: Shortbow          |    74 |     9 ||    83
Ability: Spit Poison       |    23 |     6 ||    29
    Use: Scroll            |     4 |       ||     4
         Potion            |     3 |       ||     3
 Armour: Leather armour    |     3 |       ||     3
  Dodge: Dodged            |     9 |     1 ||    10

Table legend:
 A = Non-vault XP
 B = Vault XP
 C = Vault XP percentage of total XP
 D = Non-vault monster count
 E = Vault monster count
 F = Vault count percentage of total count
                 A         B        C        D         E       F
            +---------+---------+-------+---------+---------+-------
      Total |      89 |       0 |   0.0 |      41 |       0 |   0.0
            +---------+---------+-------+---------+---------+-------
        D:1 |      30 |       0 |   0.0 |      17 |       0 |   0.0
        D:2 |      49 |       0 |   0.0 |      19 |       0 |   0.0
        D:3 |      10 |       0 |   0.0 |       5 |       0 |   0.0
            +---------+---------+-------+---------+---------+-------
